 Dungeon Crawl Stone Soup version 0.27-a0-860-gaf99fae3ca (webtiles) character file.

Game seed: 10650726674163854977

84 rageheart7 the Covered (level 4, 0/38 HPs)
             Began as a Barachi Fighter on Apr 1, 2021.
             Slain by a wyvern skeleton (8 damage)
             ... on level 3 of the Dungeon.
             The game lasted 00:01:33 (1790 turns).

rageheart7 the Covered (Barachi Fighter)            Turns: 1790, Time: 00:01:35

Health: 0/38       AC:  8    Str: 18    XL:     4   Next: 46%
Magic:  4/4        EV:  9    Int:  9    God:
Gold:   145        SH:  0    Dex: 11    Spells: 3/3 levels left

rFire    . . .     SeeInvis .   a - +0 long sword
rCold    . . .     Faith    .   (no shield)
rNeg     . . .     Spirit   .   b - +0 scale mail
rPois    .         Reflect  .   (no helmet)
rElec    .         Harm     .   (no cloak)
rCorr    .         Rampage  .   g - +0 pair of gloves
Will     .....                  (no boots)
Stlth    ..........             (no amulet)
HPRegen  0.12/turn              (no ring)
MPRegen  0.09/turn              (no ring)

@: slow
A: +LOS, amphibious, slowness 1, strong legs 1
a: Hop


You were on level 3 of the Dungeon.
You visited 1 branch of the dungeon, and saw 3 of its levels.

You collected 145 gold pieces.

Inventory:

Hand Weapons
 a - a +0 long sword (weapon)
Armour
 b - a +0 scale mail (worn)
 c - a +0 kite shield
 g - a +0 pair of gloves (worn)
Scrolls
 f - a scroll of magic mapping {unknown}
 h - a scroll of amnesia {unknown}
 j - a scroll of teleportation {unknown}
 k - a scroll of blinking {unknown}
 m - a scroll of holy word {unknown}
 o - a scroll of fog {unknown}
Potions
 d - a potion of might
 e - a potion of brilliance {unknown}
 i - a potion of curing {unknown}
 l - a potion of mutation {unknown}
 n - a potion of flight {unknown}


   Skills:
 * Level 4.6 Fighting
 * Level 3.7 Long Blades
 * Level 4.6 Armour
 - Level 3.2 Shields


You had 3 spell levels left.
You didn't know any spells.
Your spell library was empty.

Dungeon Overview and Level Annotations

Branches:
Dungeon (3/15)

Altars:


Innate Abilities, Weirdness & Mutations

You can be seen from farther away. (+LOS)
You are amphibious.
You cover ground slowly.
You can hop short distances.


Message History

The adder closely misses you.
You riposte.
You hit the adder.
You kill the adder!
You swing at nothing.
HP restored.
You see here an adder corpse.
o - a scroll labelled PATOED JAJARPH Key pressed, stopping explore.
A wyvern skeleton comes into view.
A wyvern skeleton is nearby!
A wyvern skeleton is nearby!
A wyvern skeleton is nearby!
A wyvern skeleton is nearby!
A wyvern skeleton is nearby!
A wyvern skeleton is nearby!
A wyvern skeleton is nearby!
A wyvern skeleton is nearby!
A wyvern skeleton is nearby!
A wyvern skeleton is nearby!
A wyvern skeleton is nearby!
A wyvern skeleton is nearby!
The wyvern skeleton bites you!
Found a sedimented sapphire potion.
You hit the wyvern skeleton.
The wyvern skeleton is lightly damaged.
The wyvern skeleton bites you. x2
You are too injured to fight recklessly!
You are too injured to fight recklessly!
You are too injured to fight recklessly!
You are too injured to fight recklessly!
You hit the wyvern skeleton.
The wyvern skeleton is lightly damaged.
The wyvern skeleton bites you!
* * * LOW HITPOINT WARNING * * *
You hit the wyvern skeleton but do no damage.
The wyvern skeleton is lightly damaged.
The wyvern skeleton barely misses you.
You riposte.
You slash the wyvern skeleton!
The wyvern skeleton is heavily damaged.
The wyvern skeleton bites you!
You die...

......................
#..............(......
#....r................
##.#####<##...........
# #.##........... #.#
#.†............ #...
#.##...........
#....#######.##########
#....Z@..........#
#....#####.......# #...
#.......# #!. #########
#. #


You could see a wyvern skeleton.

Vanquished Creatures
  3 adders
  A worm (D:2)
  3 dart slugs
  3 ball pythons
  5 endoplasms
  2 giant cockroaches (D:1)
  6 hobgoblins
  4 jackals (D:1)
  2 quokkas
  5 bats
  A frilled lizard (D:1)
  4 goblins
  2 kobolds (D:1)
  3 rats
44 creatures vanquished.

Notes
Turn   | Place    | Note
-------+----------+-------------------------------------------
     0 | D:1      | rageheart7 the Barachi Fighter began the quest for the Orb.
     0 | D:1      | Reached XP level 1. HP: 18/18 MP: 1/1
   312 | D:1      | Reached XP level 2. HP: 22/25 MP: 2/2
   376 | D:1      | Found a faded altar of an unknown god.
   472 | D:1      | Reached XP level 3. HP: 20/30 MP: 3/3
  1510 | D:2      | Reached XP level 4. HP: 37/38 MP: 4/4
  1790 | D:3      | Slain by a wyvern skeleton

Illustrated notes

Levels and vault maps discovered:
D:1:      dpeg_arrival_tiny_i, layout_rooms, serial_rivers,
          chequers_serial_rivers_large_b, chequers_serial_rivers_micro_a,
          chequers_serial_rivers_large_a, chequers_serial_rivers_micro_e,
          chequers_serial_rivers_micro_b, ebering_ecumenical_altar_mist,
          skrybe_limestone_x, minmay_misc_feat_ornament, minmay_hexomino_f4
D:2:      layout_rooms
D:3:      layout_basic, amcnicky_altar_gilded

Skill      XL: |  1  2 |
---------------+-------+-----
Armour         | 4 |  4.6
Fighting       | 4 |  4.6
Long Blades    | 3 |  3.7
Shields        | |  3.2

Action                   |  1- 3 |  4- 6 || total
-------------------------+-------+-------++-------
Melee: Long sword        |    94 |    41 ||   135
Armor: Scale mail        |    66 |    32 ||    98
Dodge: Dodged            |    73 |    22 ||    95
       Rpst.: Long sword |    21 |    10 ||    31

Table legend: (Time is in decaauts)
 A = Elapsed time spent in this place.
 B = Non-inter-level travel time spent in this place.
 C = Inter-level travel time spent in this place.
 D = Time resting spent in this place.
 E = Time spent auto-exploring this place.
 F = Levels seen in this place.
 G = Mean time per level.
                   A        B        C        D        E       F      G
               +--------+--------+--------+--------+--------+-----+--------+
         Total |   2000 |   1960 |     40 |      0 |   1633 |   3 |  666.7 |
       Dungeon |   2000 |   1960 |     40 |      0 |   1633 |   3 |  666.7 |
               +--------+--------+--------+--------+--------+-----+--------+

Top non-repeatable levels by time:
     D:1: 1138 daAuts
     D:2: 744 daAuts
     D:3: 117 daAuts
